 Dungeon Crawl Stone Soup version 0.29.0-13-gc9e81de378 (webtiles) character file.

Game seed: 17133178883661722125

420 RascalDebosk the Cudgeller (level 6, -10/62 HPs)
             Began as a Troll Berserker on Sept 8, 2022.
             Was a Believer of Trog.
             Killed by divine providence
             ... invoked by an orc priest
              (13 damage)
             ... on level 3 of the Dungeon.
             The game lasted 00:17:42 (2208 turns).

RascalDebosk the Cudgeller (Troll Berserker)        Turns: 2208, Time: 00:17:46

Health: -10/62     AC:  4    Str: 26    XL:     6   Next: 62%
Magic:  5/5        EV: 10    Int:  5    God:    Trog [**....]
Gold:   256        SH:  0    Dex:  9    Spells: 5/5 levels left

rFire   . . .      SeeInvis .   a - +0 mace
rCold   . . .      Faith    .   (no shield)
rNeg    . . .      Spirit   .   p - +0 robe
rPois   .          Reflect  .   (helmet restricted)
rElec   .          Harm     .   (no cloak)
rCorr   .          Rampage  .   (gloves unavailable)
Will    .....                   (boots unavailable)
Stlth   +.........              (no amulet)
HPRegen 1.00/turn               (no ring)
MPRegen 0.09/turn               (no ring)

@: on berserk cooldown, slowed, very slow
A: large, unfitting armour, claws 3, regeneration 1, shaggy fur 1, tough skin 1
a: Renounce Religion, Berserk, Trog's Hand


You were on level 3 of the Dungeon.
You worshipped Trog.
Trog was pleased with you.
You visited 1 branch of the dungeon, and saw 3 of its levels.

You collected 256 gold pieces.

Inventory:

Hand Weapons
 a - a +0 mace (weapon)
Missiles
 m - 6 silver boomerangs
 n - 4 boomerangs (quivered)
 o - 9 stones
Armour
 b - a +0 animal skin
 p - a +0 robe (worn)
Jewellery
 c - an amulet of guardian spirit
Wands
 t - a wand of flame (19)
Scrolls
 e - 2 scrolls of teleportation {unknown}
 f - 2 scrolls of butterflies {unknown}
 h - 2 scrolls of identify {unknown}
 i - 2 scrolls of magic mapping {unknown}
 j - 2 scrolls of amnesia {unknown}
 q - a scroll of immolation {unknown}
 r - a scroll of blinking {unknown}
 u - a scroll of fear {unknown}
Potions
 d - 4 potions of curing
 g - a potion of berserk rage {unknown}
 k - 2 potions of heal wounds {unknown}
 l - a potion of ambrosia {unknown}
 s - a potion of attraction {unknown}


   Skills:
 + Level 3.7 Fighting
 + Level 4.1 Maces & Flails
 + Level 2.7 Throwing
 + Level 3.8 Dodging


You had 5 spell levels left.
You didn't know any spells.
Your spell library was empty.

Dungeon Overview and Level Annotations

Branches:
Dungeon (3/15)

Altars:

Shops:
D:1 [


Innate Abilities, Weirdness & Mutations

You are too large for most types of armour.
You have claws for hands.
Your natural rate of healing is unusually fast.
You are covered in fur. (AC +1)
You have tough skin. (AC +1)


Message History

You closely miss the orc priest.
The orc priest is moderately wounded.
You are no longer berserk.
You are exhausted.
You feel yourself slow down.
The orc priest hits you but does no damage.
You hit the orc priest.
The orc priest is heavily wounded.
The orc priest hits you with a +0 whip.
* * * LOW HITPOINT WARNING * * *
You closely miss the orc priest.
The orc priest is heavily wounded.
The orc priest hits you with a +0 whip.
* * * LOW HITPOINT WARNING * * *
The orc priest barely misses you.
You hit the orc priest but do no damage.
The orc priest is heavily wounded.
The orc priest looks braver for a moment.
The orc priest closely misses you.
You hit the orc priest but do no damage.
The orc priest is heavily wounded.
The orc priest closely misses you.
The orc priest hits you but does no damage.
You closely miss the orc priest.
The orc priest is heavily wounded.
The orc priest hits you with a +0 whip.
* * * LOW HITPOINT WARNING * * *
The orc priest hits you with a +0 whip.
* * * LOW HITPOINT WARNING * * *
You barely miss the orc priest.
The orc priest is heavily wounded.
The orc priest hits you with a +0 whip.
* * * LOW HITPOINT WARNING * * *
You closely miss the orc priest.
The orc priest is heavily wounded.
The orc priest hits you with a +0 whip.
* * * LOW HITPOINT WARNING * * *
The orc priest calls down the wrath of Beogh upon you.
Beogh smites you!
You die...

#..##.###.....###.
#.##......#......
###...........#.##
#..^##....#.###.#
..#.#..####.###.#
......## #.....#
##...## ####..# #
#..## #..###..#
#..# ##.@o...#
#.... ####......
#....# ..#..
#..... ... .....##
$.. .. .


You could see an orc priest.

Vanquished Creatures
  Grinder (D:3)
  Natasha (thrice) (D:2)
  2 orc wizards (D:3)
  3 adders
  An ufetubus (D:2)
  A worm (D:2)
  A dart slug (D:1)
  8 orcs (D:3)
  4 bats
  3 endoplasms
  A giant cockroach (D:2)
  6 goblins
  4 hobgoblins
  8 kobolds
  6 ball pythons
  4 rats
56 creatures vanquished.

Notes
Turn   | Place    | Note
-------+----------+-------------------------------------------
     0 | D:1      | RascalDebosk the Troll Berserker began the quest for the
                  | Orb.
     0 | D:1      | Reached XP level 1. HP: 22/22 MP: 0/0
    71 | D:1      | Reached XP level 2. HP: 29/29 MP: 1/1
   147 | D:1      | Found a faded altar of an unknown god.
   233 | D:1      | Found Wosuut Qeucs's Antique Armour Shoppe.
   315 | D:1      | Reached skill level 3 in Maces & Flails
  1113 | D:2      | Reached XP level 3. HP: 27/36 MP: 2/2
  1199 | D:2      | Reached skill level 1 in Throwing
  1295 | D:2      | Reached ** piety under Trog
  1511 | D:2      | Noticed Natasha
  1514 | D:2      | Killed Natasha
  1515 | D:2      | Reached XP level 4. HP: 45/45 MP: 3/3
  1643 | D:2      | Noticed Natasha
  1652 | D:2      | Killed Natasha
  1748 | D:2      | Noticed Natasha
  1758 | D:2      | Killed Natasha
  1759 | D:2      | Reached XP level 5. HP: 53/53 MP: 4/4
  1851 | D:3      | Noticed Grinder
  1856 | D:3      | Paralysed by Grinder for 3 turns
  1865 | D:3      | Killed Grinder
  1866 | D:3      | Reached skill level 4 in Maces & Flails
  1866 | D:3      | Reached XP level 6. HP: 8/61 MP: 5/5
  2208 | D:3      | HP: 3/62 [orc priest/+0 whip (3)]
  2208 | D:3      | Killed from afar by an orc priest

Illustrated notes

Levels and vault maps discovered:
D:1:      saegor_arrival_simple_d, layout_basic,
          shapermc_ecumenical_altar_totnotflames, serial_shops,
          nicolae_shop_statue_plus, glass_columns_b
D:2:      layout_basic, minmay_box_of_dots, uniq_natasha
D:3:      layout_rooms, tgw_trog, uniq_grinder

Skill      XL: |  1  2  3  4  5 |
---------------+----------------+-----
Maces & Flails | 3 4 |  4.1
Throwing       | 1 2 |  2.7
Dodging        | 3 |  3.8
Fighting       | 3 |  3.7

Action                   |  1- 3 |  4- 6 || total
-------------------------+-------+-------++-------
Melee: Mace              |    91 |    92 ||   183
       Punch             |     1 |       ||     1
Throw: Boomerang         |     4 |       ||     4
Invok: Berserk           |     1 |     5 ||     6
       Trog's Hand       |       |     2 ||     2
 Stab: Sleeping          |       |     1 ||     1
Armor: Animal skin       |    39 |       ||    39
       Robe              |     5 |    43 ||    48
Dodge: Dodged            |    50 |    45 ||    95
